ORI
UNIVERSITY OF CONNETICUT HUSKIES @ FLORIDA STATE UNIVERSITY SEMINOLES
07/15/2044
 
TOP OF THE 1ST
University of Conneticut Huskies batting - Pitching for Florida State University Seminoles : RHP Justin Williams
Pitching: RHP Justin Williams
Batting: RHB Michael Youngberry 0-0: Ball
1-0: SINGLE (Groundball, 34, EV 102.5 MPH)
Batting: RHB Bill Stern 0-0: Called Strike
0-1: Ball
1-1: Foul Ball, location: 2F
1-2: Fielders Choice at 2nd, 4-6 (Groundball, 34, EV 81.3 MPH)
Batting: RHB Yankel Pensak 0-0: Ball
1-0: Swinging Strike
1-1: Foul Ball, location: 2F
1-2: SINGLE (Line Drive, 5D, EV 107.5 MPH)
Bill Stern to second
Batting: LHB Bill Kovac 0-0: Called Strike
0-1: Called Strike
0-2: Ball
1-2: Fly out, F7 (Flyball, 78S, EV 88.1 MPH)
Batting: RHB Preston Hill 0-0: Ball
1-0: Ground out 5-3 (Groundball, 56S, EV 76.9 MPH)
Top of the 1st over - 0 runs, 2 hits, 0 errors, 2 left on base; University of Conneticut 0 - Florida State University 0
BOTTOM OF THE 1ST
Florida State University Seminoles batting - Pitching for University of Conneticut Huskies : LHP Jason Mitchell
Pitching: LHP Jason Mitchell
Batting: RHB Paul Holland 0-0: Ball
1-0: Ball
2-0: Ball
3-0: Base on Balls
Batting: RHB Taffounnout Kame 0-0: Called Strike
0-1: Ball
1-1: Swinging Strike
1-2: Ball
2-2: Ball
3-2: Foul Ball, location: 2F
3-2: Foul Ball, location: 2F
3-2: Fly out, F8 (Flyball, 89S, EV 90.0 MPH)
Batting: RHB Lupe Barrera 0-0: Foul Ball, location: 2F
0-1: Hit by Pitch
Paul Holland to second
Batting: RHB Jeremy Buck 0-0: Grounds into double play, 6-4-3 (Groundball, 56, EV 80.0 MPH)
Bottom of the 1st over - 0 runs, 0 hits, 0 errors, 1 left on base; University of Conneticut 0 - Florida State University 0
TOP OF THE 2ND
University of Conneticut Huskies batting - Pitching for Florida State University Seminoles : RHP Justin Williams
Batting: RHB Edwin Bejarano 0-0: Ball
1-0: Ground out 1-3 (Groundball, P, EV 69.4 MPH)
Batting: RHB Ernesto Salas 0-0: Called Strike
0-1: Foul Ball, location: 2F
0-2: Fly out, F4 (Flyball, 34D, EV 95.6 MPH)
Batting: RHB Hector Tabares 0-0: Called Strike
0-1: Fly out, F8 (Flyball, 8RS, EV 93.1 MPH)
Top of the 2nd over - 0 runs, 0 hits, 0 errors, 0 left on base; University of Conneticut 0 - Florida State University 0
BOTTOM OF THE 2ND
Florida State University Seminoles batting - Pitching for University of Conneticut Huskies : LHP Jason Mitchell
Batting: LHB Jai-guo Bian 0-0: Ball
1-0: Called Strike
1-1: SINGLE (Groundball, 6MD, EV 98.8 MPH)
Batting: RHB Victor Ramirez 0-0: Ball
1-0: Ball
2-0: Ball
3-0: Called Strike
3-1: Base on Balls
Jai-guo Bian to second
Batting: SHB Alex Noval 0-0: Called Strike
0-1: Swinging Strike
0-2: Ball
1-2: Fielders Choice at 2nd, 1-4 (Groundball, 25, EV 61.3 MPH)
Jai-guo Bian to third
Batting: RHB Yutaka Yamane 0-0: Foul Ball, location: 2F
0-1: Foul Ball, location: 2F
0-2: Fly out, F9 (Flyball, 9, EV 90.6 MPH)
Runner from 3rd tags up, SCORES, throw by RF
Batting: SHB Ed Mosqueda 0-0: Ball
1-0: Ball
2-0: Ball
3-0: Base on Balls
Alex Noval to second
Batting: RHB Paul Holland 0-0: Reached on error, E4 (Groundball, 4M, EV 101.9 MPH)
Alex Noval to third
Ed Mosqueda to second
Batting: RHB Taffounnout Kame 0-0: Ball
1-0: Ball
2-0: Foul Ball, location: 2F
2-1: Ball
3-1: Foul Ball, location: 2F
3-2: Strikes out looking
Bottom of the 2nd over - 1 run, 1 hit, 1 error, 3 left on base; University of Conneticut 0 - Florida State University 1
TOP OF THE 3RD
University of Conneticut Huskies batting - Pitching for Florida State University Seminoles : RHP Justin Williams
Batting: RHB Hector Barajas 0-0: Called Strike
0-1: Ball
1-1: Called Strike
1-2: Foul Ball, location: 2F
1-2: Foul Ball, location: 2F
1-2: Strikes out swinging
Batting: RHB Michael Youngberry 0-0: Ball
1-0: Foul Ball, location: 2F
1-1: Bunt for hit to 15S - play at first, batter OUT! 1-3
Batting: RHB Bill Stern 0-0: Ball
1-0: Ball
2-0: SOLO HOME RUN (Flyball, 78XD, EV 115.6 MPH), Distance : 454 ft
Batting: RHB Yankel Pensak 0-0: Ball
1-0: Foul Ball, location: 2F
1-1: Foul Ball, location: 2F
1-2: Fly out, F7 (Flyball, 78S, EV 80.6 MPH)
Top of the 3rd over - 1 run, 1 hit, 0 errors, 0 left on base; University of Conneticut 1 - Florida State University 1
BOTTOM OF THE 3RD
Florida State University Seminoles batting - Pitching for University of Conneticut Huskies : LHP Jason Mitchell
Batting: RHB Lupe Barrera 0-0: Ball
1-0: Ball
2-0: Ball
3-0: Called Strike
3-1: Foul Ball, location: 2F
3-2: Strikes out looking
Batting: RHB Jeremy Buck 0-0: Ball
1-0: Ball
2-0: Foul Ball, location: 2F
2-1: Ball
3-1: Base on Balls
Batting: LHB Jai-guo Bian 0-0: Ball
1-0: Called Strike
1-1: Fielders Choice at 2nd, 5-4 (Groundball, 56, EV 86.9 MPH)
Batting: RHB Victor Ramirez 0-0: SINGLE (Groundball, 34D, EV 103.1 MPH)
Jai-guo Bian to second
Runner from 2nd tries for 3rd, SAFE, no throw by RF
Batting: SHB Alex Noval 0-0: Called Strike
0-1: Foul Ball, location: 2F
0-2: Foul Ball, location: 2F
0-2: Strikes out looking
Bottom of the 3rd over - 0 runs, 1 hit, 0 errors, 2 left on base; University of Conneticut 1 - Florida State University 1
TOP OF THE 4TH
University of Conneticut Huskies batting - Pitching for Florida State University Seminoles : RHP Justin Williams
Batting: LHB Bill Kovac 0-0: Ball
1-0: Ball
2-0: Ball
3-0: Called Strike
3-1: Base on Balls
Batting: RHB Preston Hill 0-0: DOUBLE (Line Drive, 89D, EV 105.6 MPH)
Bill Kovac to third
Batting: RHB Edwin Bejarano 0-0: Called Strike
0-1: Ground out 6-3 (Groundball, 6, EV 88.1 MPH)
Bill Kovac scores
Batting: RHB Ernesto Salas 0-0: Ball
1-0: Called Strike
1-1: Ball
2-1: Ball
3-1: Foul Ball, location: 2F
3-2: Strikes out swinging
Batting: RHB Hector Tabares 0-0: DOUBLE (Groundball, 5L, EV 96.3 MPH)
Preston Hill scores
Batting: RHB Hector Barajas 0-0: Called Strike
0-1: Called Strike
0-2: Foul Ball, location: 2F
0-2: Ball
1-2: Foul Ball, location: 2F
1-2: Foul Ball, location: 2F
1-2: Strikes out swinging
Top of the 4th over - 2 runs, 2 hits, 0 errors, 1 left on base; University of Conneticut 3 - Florida State University 1
BOTTOM OF THE 4TH
Florida State University Seminoles batting - Pitching for University of Conneticut Huskies : LHP Jason Mitchell
Batting: RHB Yutaka Yamane 0-0: Ball
1-0: Ball
2-0: Fly out, F3 (Popup, 34, EV 73.1 MPH)
Batting: SHB Ed Mosqueda 0-0: Swinging Strike
0-1: Called Strike
0-2: Ball
1-2: Strikes out swinging
Batting: RHB Paul Holland 0-0: Swinging Strike
0-1: Ball
1-1: Foul Ball, location: 2F
1-2: Foul Ball, location: 2F
1-2: Strikes out looking
Bottom of the 4th over - 0 runs, 0 hits, 0 errors, 0 left on base; University of Conneticut 3 - Florida State University 1
TOP OF THE 5TH
University of Conneticut Huskies batting - Pitching for Florida State University Seminoles : RHP Justin Williams
Pitching: LHP Michael Braakman
Batting: RHB Michael Youngberry 0-0: Called Strike
0-1: Swinging Strike
0-2: Ball
1-2: Foul Ball, location: 2F
1-2: Strikes out swinging
Batting: RHB Bill Stern 0-0: Called Strike
0-1: Ball
1-1: Called Strike
1-2: Strikes out swinging
Batting: RHB Yankel Pensak 0-0: Foul Ball, location: 2F
0-1: Foul Ball, location: 2F
0-2: Ball
1-2: Ball
2-2: Strikes out swinging
Top of the 5th over - 0 runs, 0 hits, 0 errors, 0 left on base; University of Conneticut 3 - Florida State University 1
BOTTOM OF THE 5TH
Florida State University Seminoles batting - Pitching for University of Conneticut Huskies : LHP Jason Mitchell
Pitching: RHP Ryan Cuff
Batting: RHB Taffounnout Kame 0-0: Called Strike
0-1: Fly out, F9 (Flyball, 9S, EV 83.8 MPH)
Batting: RHB Lupe Barrera 0-0: Foul Ball, location: 2F
0-1: Ball
1-1: Foul Ball, location: 2F
1-2: TRIPLE (Line Drive, 9D, EV 103.8 MPH)
Pinch Hitting: SHB Scott Kuzma 0-0: Called Strike
0-1: Ball
1-1: Foul Ball, location: 2F
1-2: Foul Ball, location: 2F
1-2: Foul Ball, location: 2F
1-2: Ball
2-2: Strikes out looking
Batting: LHB Jai-guo Bian 0-0: Foul Ball, location: 2F
0-1: Foul Ball, location: 2F
0-2: Ball
Passed Ball!
Lupe Barrera scores
1-2: Foul Ball, location: 2F
1-2: Fly out, F6 (Flyball, 56D, EV 96.3 MPH)
Bottom of the 5th over - 1 run, 1 hit, 0 errors, 0 left on base; University of Conneticut 3 - Florida State University 2
TOP OF THE 6TH
University of Conneticut Huskies batting - Pitching for Florida State University Seminoles : LHP Michael Braakman
Now at 2B: Scott Kuzma
Now at 3B: Ed Mosqueda
Batting: LHB Bill Kovac 0-0: Ball
1-0: Called Strike
1-1: Fly out, F7 (Flyball, 7D, EV 93.8 MPH)
Batting: RHB Preston Hill 0-0: Ball
1-0: Ball
2-0: Ball
3-0: Called Strike
3-1: Foul Ball, location: 2F
3-2: Strikes out swinging
Batting: RHB Edwin Bejarano 0-0: SINGLE (Line Drive, 7S, EV 107.5 MPH)
Batting: RHB Ernesto Salas 0-0: Foul Ball, location: 2F
0-1: Ball
1-1: Swinging Strike
1-2: Ball
2-2: Ball
3-2: Strikes out swinging
Top of the 6th over - 0 runs, 1 hit, 0 errors, 1 left on base; University of Conneticut 3 - Florida State University 2
BOTTOM OF THE 6TH
Florida State University Seminoles batting - Pitching for University of Conneticut Huskies : RHP Ryan Cuff
Batting: RHB Victor Ramirez 0-0: Ball
1-0: Foul Ball, location: 2F
1-1: Called Strike
1-2: Foul Ball, location: 2F
1-2: Ball
2-2: Ball
3-2: Base on Balls
Batting: SHB Alex Noval 0-0: Ball
1-0: Ball
2-0: Swinging Strike
2-1: Called Strike
2-2: Strikes out swinging
Pinch Hitting: RHB Fouad Bausi 0-0: Fly out, F3 (Popup, 3F, EV 74.4 MPH)
Pinch Hitting: RHB Jake Garin 0-0: Swinging Strike
0-1: Foul Ball, location: 2F
0-2: Foul Ball, location: 2F
0-2: Ball
1-2: Fly out, F8 (Flyball, 8RS, EV 87.5 MPH)
Bottom of the 6th over - 0 runs, 0 hits, 0 errors, 1 left on base; University of Conneticut 3 - Florida State University 2
TOP OF THE 7TH
University of Conneticut Huskies batting - Pitching for Florida State University Seminoles : LHP Michael Braakman
Pitching: RHP Su-min Cho
Now at 3B: John Goodpaster
Now in CF: Raul Maldonado
Batting: RHB Hector Tabares 0-0: Foul Ball, location: 2F
0-1: Ball
1-1: SINGLE (Groundball, 6MD, EV 107.5 MPH)
Batting: RHB Hector Barajas 0-0: Foul Ball, location: 2F
0-1: Called Strike
0-2: Foul Ball, location: 2F
0-2: Ball
1-2: 2-RUN HOME RUN (Flyball, 7D, EV 103.1 MPH), Distance : 398 ft
Pinch Hitting: RHB Dusty Edmonds 0-0: Ground out 4-3 (Groundball, 4, EV 110.0 MPH)
Batting: LHB Miguel Espinal 0-0: Ball
1-0: Ball
2-0: Ball
3-0: Called Strike
3-1: Fly out, F3 (Line Drive, 3, EV 67.5 MPH)
Batting: RHB Yankel Pensak 0-0: SINGLE (Flyball, 78S, EV 86.3 MPH)
Batting: LHB Bill Kovac
Pinch Hitting: RHB Joe Allred 0-0: Called Strike
0-1: Ball
Yankel Pensak steals 2nd base
1-1: Ball
2-1: Ball
3-1: Foul Ball, location: 2F
3-2: Fly out, F6 (Line Drive, 6, EV 70.6 MPH)
Top of the 7th over - 2 runs, 3 hits, 0 errors, 1 left on base; University of Conneticut 5 - Florida State University 2
BOTTOM OF THE 7TH
Florida State University Seminoles batting - Pitching for University of Conneticut Huskies : RHP Ryan Cuff
Pitching: RHP Chris Farrer
Now in LF: Joe Allred
Now in CF: Dusty Edmonds
Pinch Hitting: RHB Devon Brown 0-0: Ball
1-0: Ball
2-0: Ball
3-0: Base on Balls
Pinch Hitting: RHB Israel Quinteros 0-0: Bunt - Flyout to 5S! F5
Batting: LHB Jonathan Redden 0-0: Ball
1-0: Foul Ball, location: 2F
1-1: Swinging Strike
1-2: Strikes out swinging
Batting: SHB Scott Kuzma 0-0: Ball
1-0: Foul Ball, location: 2F
1-1: SINGLE (Groundball, 6D, EV 110.6 MPH)
Devon Brown to second
Pinch Hitting: RHB Joy-shan Li 0-0: Ball
1-0: Called Strike
1-1: SINGLE (Line Drive, 8RS, EV 93.1 MPH)
Devon Brown to third
Scott Kuzma to second
Batting: RHB Victor Ramirez 0-0: Fly out, F7 (Flyball, 78D, EV 99.4 MPH)
Bottom of the 7th over - 0 runs, 2 hits, 0 errors, 3 left on base; University of Conneticut 5 - Florida State University 2
TOP OF THE 8TH
University of Conneticut Huskies batting - Pitching for Florida State University Seminoles : RHP Su-min Cho
Now at 1B: Joy-shan Li
Now at SS: Devon Brown
Now in LF: Israel Quinteros
Pinch Hitting: RHB Pat Leahey 0-0: Ball
1-0: Foul Ball, location: 2F
1-1: SINGLE (Groundball, 4S, EV 66.3 MPH) (infield hit)
Batting: RHB Edwin Bejarano 0-0: Ball
1-0: SINGLE (Groundball, 6D, EV 103.8 MPH)
Pat Leahey to second
Pinch Hitting: SHB Domingo Restrepo 0-0: Bunt missed!
0-1: Sac Bunt to 15 - play at first, batter OUT! 1-4
Pat Leahey to third
Edwin Bejarano to second
Pinch Hitting: RHB Jose Aguiniga 0-0: Ball
1-0: SINGLE (Line Drive, 8LS, EV 96.3 MPH)
Pat Leahey scores
Edwin Bejarano to third
Pitching: RHP Dustin Nichols
Batting: RHB Hector Barajas 0-0: Ball
1-0: Fly out, F8 (Flyball, 89M, EV 76.9 MPH)
Runner from 3rd tags up, SCORES, throw by CF
Batting: RHB Dusty Edmonds 0-0: Ball
1-0: Fly out, F8 (Flyball, 78D, EV 81.9 MPH)
Top of the 8th over - 2 runs, 3 hits, 0 errors, 1 left on base; University of Conneticut 7 - Florida State University 2
BOTTOM OF THE 8TH
Florida State University Seminoles batting - Pitching for University of Conneticut Huskies : RHP Chris Farrer
Now at 1B: Adam Schneider
Now at 3B: Devon House
Now in RF: Mostafa Alinejad
Batting: SHB Alex Noval 0-0: Ball
1-0: Fly out, F5 (Line Drive, 5, EV 68.8 MPH)
Batting: LHB Raul Maldonado 0-0: Ball
1-0: Ball
2-0: Ball
3-0: Base on Balls
Pinch Hitting: RHB Mark Conrad 0-0: Ball
1-0: Fielders Choice at 2nd, 6-4 (Groundball, 6, EV 99.4 MPH)
Batting: RHB Devon Brown 0-0: Foul Ball, location: 2F
0-1: Fly out, F8 (Flyball, 89M, EV 80.6 MPH)
Bottom of the 8th over - 0 runs, 0 hits, 0 errors, 1 left on base; University of Conneticut 7 - Florida State University 2
TOP OF THE 9TH
University of Conneticut Huskies batting - Pitching for Florida State University Seminoles : RHP Dustin Nichols
Now at 3B: Mark Conrad
Batting: LHB Miguel Espinal 0-0: Ball
1-0: Swinging Strike
1-1: Ground out 2-3 (Groundball, 2R, EV 66.9 MPH)
Pinch Hitting: RHB Scott Webb 0-0: Swinging Strike
0-1: Ball
1-1: Ball
2-1: Swinging Strike
2-2: Strikes out swinging
Batting: RHB Joe Allred 0-0: Swinging Strike
0-1: Ball
1-1: Fly out, F5 (Line Drive, 5, EV 69.4 MPH)
Top of the 9th over - 0 runs, 0 hits, 0 errors, 0 left on base; University of Conneticut 7 - Florida State University 2
BOTTOM OF THE 9TH
Florida State University Seminoles batting - Pitching for University of Conneticut Huskies : RHP Chris Farrer
Now at 2B: Mario Verduzco
Pinch Hitting: RHB Willie Gomez 0-0: Called Strike
0-1: Ground out 6-3 (Groundball, 6, EV 99.4 MPH)
Batting: LHB Jonathan Redden 0-0: Ball
1-0: Ball
2-0: Ball
3-0: Base on Balls
Batting: SHB Scott Kuzma 0-0: Ball
1-0: Ball
2-0: Ball
3-0: Called Strike
3-1: Called Strike
3-2: Foul Ball, location: 2F
3-2: Foul Ball, location: 2F
3-2: Fly out, F9 (Flyball, 9D, EV 94.4 MPH)
Pitching: LHP Noah Young
Pinch Hitting: RHB Davy Meagher 0-0: Called Strike
0-1: Foul Ball, location: 2F
0-2: Foul Ball, location: 2F
0-2: Ball
1-2: Strikes out swinging
Bottom of the 9th over - 0 runs, 0 hits, 0 errors, 1 left on base; University of Conneticut 7 - Florida State University 2
Thursday, March 31st , 2022 - OOTP Baseball 22.12 Build 89